 Dungeon Crawl Stone Soup version 0.18-a0-816-g97f838e (webtiles) character file.

59 cluie the Conjurer (level 3, -2/26 HPs)
             Began as a Demonspawn Conjurer on Dec 15, 2015.
             Killed from afar by Crazy Yiuf (9 damage)
             ... with a wand of flame
             ... on level 2 of the Dungeon.
             The game lasted 00:02:51 (2005 turns).

cluie the Conjurer (Demonspawn Conjurer)            Turns: 2005, Time: 00:02:51

Health: -2/26      AC:  4    Str:  8    XL:     3   Next: 78%
Magic:  0/15       EV: 12    Int: 17    God:
Gold:   52         SH:  0    Dex: 13    Spells: 2 memorised, 3 levels left

rFire  . . .     SeeInvis +     e - +0 spear
rCold  . . .     Clarity  .     a - +0 robe
rNeg   . . .     SustAt   .     (no shield)
rPois  .         Gourm    .     l - +0 helmet {SInv}
rElec  .         Spirit   +     j - +0 cloak
rCorr  .         Dismiss  .     (no gloves)
rMut   .         Stasis   .     (no boots)
MR     .....                    n - amulet of harm
Stlth  ++........               (no ring)
                                r - ring of magical power

@: lethally poisoned (-2 -> -17), not resistant to hostile enchantments,
unstealthy
A: talons 1, magic shield
a: no special abilities


You were on level 2 of the Dungeon.
You were not hungry.

You visited 1 branch of the dungeon, and saw 2 of its levels.

You collected 52 gold pieces.

Inventory:

Hand Weapons
 e - a +0 spear (weapon)
Armour
 a - a +0 robe (worn)
 j - a +0 cloak (worn)
 l - a +0 helmet of see invisible (worn)
Jewellery
 n - an amulet of harm (around neck)
 r - a ring of magical power (left hand)
Wands
 q - a wand of random effects (8)
Scrolls
 h - a scroll of blinking {unknown}
 k - a scroll of magic mapping {unknown}
 o - a scroll of enchant armour {unknown}
 p - 2 scrolls of identify {unknown}
 s - a scroll of enchant weapon {unknown}
Potions
 d - a potion of curing {unknown}
 f - a potion of lignification {unknown}
 g - a potion of cure mutation {unknown}
 m - a potion of haste {unknown}
Books
 b - a book of Conjurations

   Spells                             Type                      Level
   a - Magic Dart                     Conjuration                  1
   b - Searing Ray                    Conjuration                  2
   c - Dazzling Spray                 Conjuration/Hexes            3
   d - Fulminant Prism                Conjuration/Hexes            4
   e - Iskenderun's Mystic Blast      Conjuration                  4
   f - Iskenderun's Battlesphere      Conjuration/Charms           5
Comestibles
 c - 3 bread rations
 i - 3 meat rations


   Skills:
 + Level 1.5 Fighting
 + Level 2.2 Dodging
 - Level 1.7 Stealth
 + Level 2.3 Spellcasting
 * Level 4.6 Conjurations


You had 3 spell levels left.
You knew the following spells:

 Your Spells              Type           Power        Failure   Level  Hunger
a - Magic Dart            Conj           ###.         2%          1    #......
b - Searing Ray           Conj           ###...       4%          2    ##.....


Dungeon Overview and Level Annotations

Branches:
Dungeon (2/15)

Altars:
Xom

Annotations:
D:2 Crazy Yiuf


Innate Abilities, Weirdness & Mutations

You have sharp toenails.
When hurt, damage is shared between your health and your magic reserves.


Message History

Aiming: Searing Ray
Press: ? - help, Shift-Dir - straight line, f/p - Crazy Yiuf
Aim: Crazy Yiuf, wielding a quarterstaff of chaos, wearing an embroidered cloak and carrying a wand of flame {zapped: 4} The searing ray hits Crazy Yiuf.
Crazy Yiuf is moderately wounded.
Crazy Yiuf yells, "Buddy horse down!"
Crazy Yiuf zaps a wand.
The puff of flame hits you!
The searing ray hits Crazy Yiuf.
Crazy Yiuf is heavily wounded.
Crazy Yiuf says, "Flower verde ragdoll!"
Crazy Yiuf hits you with a quarterstaff of chaos!
You are lethally poisoned!
The searing ray misses Crazy Yiuf.
You feel sick.
Crazy Yiuf says, "Peeping!"
Crazy Yiuf zaps a wand.
The puff of flame hits you!
The searing ray hits Crazy Yiuf.
Crazy Yiuf is severely wounded.
* * * LOW HITPOINT WARNING * * *
You feel sick.
Crazy Yiuf zaps a wand.
The puff of flame hits you!
You die...

##.#.....# ##.... #
...##..... #..... .#
######.### #....## #.#
.......#########...... ..###
####........[....#...#......
#.####..#.#.. #...#......
#.# ##..#.#.#####.....g..
### #.........#...##.....
###.####.@#.### ...
#.......g.# # #...##.#.####
#.#.#.......# #.#.#.......#
#...........# ###.#.......#
#......รท....# #.#.#..[....#


You could see Crazy Yiuf.

Vanquished Creatures
  2 adders (D:2)
  An ooze (D:1)
  3 giant geckos (D:1)
  A ball python (D:1)
  3 giant cockroaches (D:1)
  2 goblins (D:1)
  5 hobgoblins
  4 kobolds
  2 quokkas (D:2)
  4 bats (D:1)
  A giant newt (D:1)
  5 rats (D:1)
33 creatures vanquished.

Notes
Turn   | Place    | Note
--------------------------------------------------------------
     0 | D:1      | cluie the Demonspawn Conjurer began the quest for the Orb.
     0 | D:1      | Reached XP level 1. HP: 13/13 MP: 3/3
   270 | D:1      | Reached skill level 1 in Fighting
   288 | D:1      | Gained mutation: You have sharp toenails. [demonic ancestry]
   288 | D:1      | Reached XP level 2. HP: 15/21 MP: 5/5
   535 | D:1      | Gained mutation: When hurt, damage is shared between your health and your magic reserves. [demonic ancestry]
   535 | D:1      | Reached XP level 3. HP: 9/26 MP: 1/6
  1252 | D:1      | Learned a level 2 spell: Searing Ray
  1352 | D:2      | Noticed Crazy Yiuf
  1780 | D:2      | Found a shimmering altar of Xom.
  2005 | D:2      | Killed from afar by Crazy Yiuf

Vault maps used:
D:1:      lightli_arrival_maybe_door_vault
D:2:      xom_butterflies, tso_altar, ecumenical_altar_1,
          uniq_crazy_yiuf_cottage

Action                   || total
-------------------------++-------
Melee: Spear             ||    84
       Unarmed           ||    11
 Cast: Magic Dart        ||    28
       Searing Ray       ||     2
 Stab: Sleeping          ||     5
  Eat: Chunk             ||     4
